 Dungeon Crawl Stone Soup version 0.28.0-43-g3370ac3207 (webtiles) character file.

Game seed: 1392502879971060509

285 styxcanada the Covert (level 6, -4/30 HPs)
             Began as a Spriggan Brigand on Mar 14, 2022.
             Slain by a gnoll
             ... wielding a +1 flail of holy wrath
              (9 damage)
             ... on level 3 of the Dungeon.
             The game lasted 00:11:19 (3698 turns).

styxcanada the Covert (Spriggan Brigand)            Turns: 3698, Time: 00:11:22

Health: -4/30      AC:  3    Str:  7    XL:     6   Next: 7%
Magic:  7/7        EV: 18    Int: 13    God:
Gold:   134        SH:  0    Dex: 18    Spells: 5/5 levels left

rFire   . . .      SeeInvis +   a - +2 dagger
rCold   . . .      Faith    +   (no shield)
rNeg    + . .      Spirit   .   b - +0 robe
rPois   .          Reflect  .   (helmet restricted)
rElec   .          Harm     .   c - +0 cloak
rCorr   .          Rampage  .   (gloves unavailable)
Will    +....                   (boots unavailable)
Stlth   ++++......              k - amulet of faith
HPRegen 0.10/turn               g - ring of positive energy
MPRegen 0.10/turn               (no ring)

@: mighty, very quick
A: very small, no large weapons, unfitting armour, see invisible, speed 3
a: no special abilities


You were on level 3 of the Dungeon.
You visited 1 branch of the dungeon, and saw 3 of its levels.

You collected 134 gold pieces.

Inventory:

Hand Weapons
 a - a +2 dagger (weapon)
 d - a +3 quarterstaff of chaos
Missiles
 m - 19 sling bullets
 p - 11 stones (quivered)
Armour
 b - a +0 robe (worn)
 c - a +0 cloak (worn)
Jewellery
 g - a ring of positive energy (left hand)
 k - an amulet of faith (around neck)
Wands
 q - a wand of paralysis (8)
Scrolls
 h - 2 scrolls of immolation {unknown}
 i - a scroll of blinking {unknown}
Potions
 j - 4 potions of haste {unknown}
 l - a potion of resistance {unknown}
 o - 2 potions of berserk rage {unknown}


   Skills:
 * Level 2.2 Fighting
 + Level 3.0 Short Blades
 + Level 2.5 Throwing
 * Level 3.2 Dodging
 * Level 9.2 Stealth
 * Level 0.4 Evocations


You had 5 spell levels left.
You didn't know any spells.
Your spell library was empty.

Dungeon Overview and Level Annotations

Branches:
Dungeon (3/15)

Altars:
Yredelemnul


Innate Abilities, Weirdness & Mutations

You are very small and have problems with some larger weapons.
You are too small for most types of armour.
You have supernaturally acute eyesight. (SInv)
You cover ground extremely quickly. (Speed+++)


Message History

Aim: a gnoll, wielding a +0 whip (heavily wounded, fast, poisoned, 66% to hit)
You throw a poisoned dart. The poisoned dart hits the gnoll.
The gnoll looks even sicker.
The gnoll is heavily wounded.
The gnoll barely misses you.
A gnoll comes into view. It is wielding a +0 whip.
Throw: dart (curare)
Press: ? - help, Q - select action, (/) - cycle Shift-Dir - straight line, f/p - gnoll
Aim: a gnoll, wielding a +0 whip (almost dead, fast, poisoned, 66% to hit)
You throw a curare-tipped dart.
The curare-tipped dart closely misses the gnoll.
The curare-tipped dart hits the gnoll.
The gnoll is poisoned.
The gnoll convulses.
The gnoll seems to slow down.
The gnoll is severely wounded.
You kill the gnoll!
Throw: 12 stones
Press: ? - help, Q - select action, (/) - cycle Shift-Dir - straight line, f - gnoll
Aim: a gnoll, wielding a +0 whip (66% to hit)
You throw a stone. The stone barely misses the gnoll.
Unknown command.
You hit the gnoll but do no damage. The gnoll closely misses you.
You closely miss the gnoll. The gnoll hits you with a +0 whip.
You barely miss the gnoll. The gnoll barely misses you. x3
You closely miss the gnoll. The gnoll closely misses you.
The gnoll hits you with a +1 flail of holy wrath!
You hit the gnoll.
The gnoll is moderately wounded.
The gnoll hits you from afar with a +0 spear.
The gnoll hits you with a +0 whip.
* * * LOW HITPOINT WARNING * * *
The gnoll closely misses you.
You feel very mighty all of a sudden.
The gnoll hits you from afar with a +0 spear.
* * * LOW HITPOINT WARNING * * *
The gnoll hits you with a +0 whip.
* * * LOW HITPOINT WARNING * * *
The gnoll barely misses you.
The gnoll hits you with a +1 flail of holy wrath!
You die...

##g##.# #.#### #g##.#
########.# #(##(#
#........# #.##.#
##.######## #g##)#
#...######### #.##.#
#...........# #.##g#
#†..#######.# #(##g#
##### #.# #.##@# #.#
#.##g# #.# #.##g# #.#
#.##.#### #.# #.#.....#
#.# #.#.....###### #.#
#............## ##.##
###...(...###...###.#.#
#..................###.


You could see 4 gnolls.

Vanquished Creatures
  A hound (D:3)
  Crazy Yiuf (D:2)
  Ijyb (D:3)
  Terence (D:2)
  Natasha (D:2)
  An orc wizard (D:2)
  3 gnolls (D:3)
  3 adders
  A dart slug (D:1)
  5 orcs
  7 ball pythons
  4 bats
  4 endoplasms
  4 giant cockroaches
  7 hobgoblins
  3 quokkas
  5 frilled lizards
  7 goblins
  3 kobolds
  6 rats
68 creatures vanquished.

Vanquished Creatures (others)
  A fungus (D:2)
1 creature vanquished.

Grand Total: 69 creatures vanquished

Notes
Turn   | Place    | Note
-------+----------+-------------------------------------------
     0 | D:1      | styxcanada the Spriggan Brigand began the quest for the
                  | Orb.
     0 | D:1      | Reached XP level 1. HP: 10/10 MP: 2/2
    60 | D:1      | You fall into a shaft and drop 1 floor!
   133 | D:2      | Reached skill level 6 in Stealth
   324 | D:2      | Noticed an orc wizard
   328 | D:2      | Reached XP level 2. HP: 12/14 MP: 3/3
   364 | D:2      | Reached skill level 7 in Stealth
   364 | D:2      | Reached XP level 3. HP: 3/18 MP: 4/4
  1871 | D:1      | Found a faded altar of an unknown god.
  1901 | D:1      | Reached XP level 4. HP: 23/23 MP: 5/5
  2421 | D:2      | Noticed Terence
  2428 | D:2      | Killed Terence
  2569 | D:2      | Noticed Natasha
  2576 | D:2      | Killed Natasha
  2577 | D:2      | Reached skill level 8 in Stealth
  2592 | D:2      | Found a runed translucent door.
  2593 | D:2      | Noticed Crazy Yiuf
  2621 | D:2      | Killed Crazy Yiuf
  2622 | D:2      | Reached XP level 5. HP: 26/26 MP: 6/6
  3124 | D:3      | Found a basalt altar of Yredelemnul.
  3307 | D:3      | Noticed Ijyb
  3311 | D:3      | Killed Ijyb
  3354 | D:3      | Reached skill level 9 in Stealth
  3453 | D:3      | Reached XP level 6. HP: 27/30 MP: 7/7
  3698 | D:3      | Slain by a gnoll

Illustrated notes

Levels and vault maps discovered:
D:1:      psy_arrival_radial02, layout_basic, nicolae_ecumenical_snake_handling
D:2:      layout_rooms, serial_curves, eino_curves_04, eino_curves_04,
          uniq_terence, uniq_natasha, uniq_crazy_yiuf_cottage
D:3:      layout_loops_ring, mainiacjoe_overflow_surrounded_room, minmay_vboxes,
          uniq_ijyb

Skill      XL: |  1  2  3  4  5 |
---------------+----------------+-----
Stealth        | 6 7 8 9 |  9.2
Dodging        | 2 3 |  3.2
Fighting       | 2 |  2.2
Short Blades   | 3 |  3.0
Throwing       | |  2.5
Evocations     | |  0.4

Action                   |  1- 3 |  4- 6 || total
-------------------------+-------+-------++-------
Melee: Dagger            |    84 |    90 ||   174
Throw: Dart              |    11 |    28 ||    39
       Stone             |       |     3 ||     3
  Use: Scroll            |       |     3 ||     3
       Potion            |       |     1 ||     1
 Stab: Sleeping          |    13 |    15 ||    28
Armor: Robe              |     6 |     4 ||    10
Dodge: Dodged            |    53 |    57 ||   110
